 Dungeon Crawl Stone Soup version 0.30-a0-385-gfebfb9b408 (webtiles) character file.

Game seed: 3435027868790120200

70 ragingrage the Insei (level 4, -7/28 HPs)
             Began as an Octopode Transmuter on Dec 2, 2022.
             Mangled by an orc
             ... wielding a +0 war axe
              (9 damage)
             ... on level 2 of the Dungeon.
             The game lasted 00:01:35 (1804 turns).

ragingrage the Insei (Octopode Transmuter)          Turns: 1804, Time: 00:01:35

Health: -7/28      AC:  1    Str:  9    XL:     4   Next: 21%
Magic:  7/7        EV: 13    Int: 17    God:
Gold:   89         SH:  0    Dex: 12    Spells: 1/7 levels left

rFire   . . .      SeeInvis .      - Unarmed
rCold   . . .      Faith    .    (no shield)
rNeg    . . .      Spirit   .    (helmet restricted)
rPois   .          Reflect  .    (no amulet)
rElec   .          Harm     .    (no ring)
rCorr   .          Rampage  .    (no ring)
Will    .....                    (no ring)
Stlth   ++........               (no ring)
HPRegen 0.24/turn                (no ring)
MPRegen 0.10/turn                (no ring)
                                 (no ring)
                                 (no ring)

@: no status effects
A: almost no armour, amphibious, 8 rings, camouflage 1, gelatinous body 1,
(nimble swimmer 1), tentacles
a: no special abilities


You were on level 2 of the Dungeon.
You visited 1 branch of the dungeon, and saw 3 of its levels.

You collected 89 gold pieces.

Inventory:

Scrolls
 c - a scroll of amnesia {unknown}
 e - a scroll of magic mapping {unknown}
 f - a scroll of butterflies {unknown}
 h - a scroll of vulnerability {unknown}
 i - a scroll of identify {unknown}
 j - 2 scrolls of enchant armour {unknown}
 k - a scroll of noise {unknown}
 l - a scroll of enchant weapon {unknown}
Potions
 a - a potion of lignification
 b - a potion of magic {unknown}
 d - a potion of haste {unknown}
 g - 3 potions of heal wounds {unknown}


   Skills:
 - Level 1.0 Fighting
 - Level 2.0 Dodging
 * Level 4.2 Unarmed Combat
 - Level 2.0 Spellcasting
 + Level 2.8 Transmutations
 + Level 1.2 Poison Magic


You had one spell level left.
You knew the following spells:

 Your Spells              Type           Power      Damage    Failure   Level
a - Beastly Appendage     Tmut           22%        N/A       6%          1
b - Wereblood             Tmut           11%        N/A       9%          2
c - Spider Form           Tmut/Pois      8%         N/A       26%         3

Your spell library contained the following spells:

 Spells                   Type           Power      Damage    Failure   Level
 Ice Form                 Ice/Tmut       6%         N/A       71%         4


Dungeon Overview and Level Annotations

Branches:
Dungeon (3/15)

Altars:
Sif Muna


Innate Abilities, Weirdness & Mutations

You cannot wear most types of armour.
You are amphibious.
You can wear up to eight rings at the same time.
Your skin changes colour to match your surroundings (Stealth+).
Your rubbery body absorbs attacks. (AC +1, EV +1)
((You are camouflaged when in or above water. (Stealth+)))
You have tentacles for arms and can constrict up to eight enemies at once.


Message History

You bludgeon the hobgoblin!
You feel a bit better.
You kill the hobgoblin!
Your primal bloodlust is almost over.
The orc priest invokes the aid of Beogh against you.
Beogh smites you!
Ouch! That really hurt!
You climb upwards.
There is a stone staircase leading down here.
You start resting.
Your primal bloodlust has ended.
You start resting.
Magic restored.
You start resting.
HP restored.
You climb downwards.
The orc barely misses you. The orc hits you with a +0 hand axe.
There is a stone staircase leading up, spattered with blood here.
The orc hits you with a +0 war axe! The orc closely misses you.
The quokka completely misses you.
You climb upwards.
There is a stone staircase leading down here.
You tentacle-slap the orc. Your grab misses the orc.
You squeeze the orc, but do no damage.
The orc is lightly wounded.
The orc misses you. The orc hits you with a +0 war axe!
* * * LOW HITPOINT WARNING * * *
The orc hits you with a +0 hand axe.
* * * LOW HITPOINT WARNING * * *
The orc misses you. The orc attacks as you move away!
The orc barely misses you.
You tentacle-slap the orc but do no damage.
You grab the orc.
You constrict the orc, but do no damage.
The orc hits you with a +0 hand axe.
* * * LOW HITPOINT WARNING * * *
You barely miss the orc. Your grab misses the orc. Your squeeze misses the orc.
You constrict the orc. The orc hits you with a +0 hand axe.
* * * LOW HITPOINT WARNING * * *
The orc hits you with a +0 war axe!
You die...

#.[.._..###.## #.# #
##.#.......<..# #.# #
..........##..# #.# #
####..##.###..##############.#
#
####..##.....................#
..............#########..#####
..##>.##.###..#########..#
.).......# #...o.........#
......##.# #.>.o@...####.#
.###.###.# ##.#####.# #.# .#
#.# #.# #.# #.# #.#
.###.###.####.# #.# #.#
###...........# #.# #.#
#.########### #.# #.# #.# #.#
#.# #.# ##.## #.# #.#
##...###.#####


You could see 2 orcs.

Vanquished Creatures
  An adder (D:2)
  A worm (D:3)
  2 orcs (D:3)
  3 ball pythons (D:1)
  4 bats
  2 endoplasms (D:1)
  3 giant cockroaches
  3 goblins
  8 hobgoblins
  11 jackals
  2 quokkas (D:1)
  A frilled lizard (D:1)
  2 kobolds (D:1)
  3 rats (D:1)
46 creatures vanquished.

Notes
Turn   | Place    | Note
-------+----------+-------------------------------------------
     0 | D:1      | ragingrage the Octopode Transmuter began the quest for the
                  | Orb.
     0 | D:1      | Reached XP level 1. HP: 13/13 MP: 3/3
    45 | D:1      | Reached XP level 2. HP: 14/18 MP: 1/5
   157 | D:1      | Learned a level 2 spell: Wereblood
   578 | D:1      | Reached XP level 3. HP: 21/23 MP: 6/6
   582 | D:1      | Learned a level 3 spell: Spider Form
   952 | D:2      | Found a shimmering blue altar of Sif Muna.
  1010 | D:2      | Reached skill level 4 in Unarmed Combat
  1721 | D:3      | Reached skill level 1 in Poison Magic
  1722 | D:3      | Reached XP level 4. HP: 26/28 MP: 3/7
  1804 | D:2      | Mangled by an orc

Illustrated notes

Levels and vault maps discovered:
D:1:      amcnicky_arrival_gap_in_the_tavern_cellar, layout_basic,
          minmay_tripent
D:2:      layout_loops_ring, basic_altar
D:3:      lemuel_castle_with_subvaults [lemuel_castle_interior_carwin_1],
          layout_rooms, demons_altar, zin_purify, minmay_puff

Skill      XL: |  1  2  3 |
---------------+----------+-----
Unarmed Combat | 4 |  4.2
Poison Magic   | 1 |  1.2
Fighting       | |  1.0
Dodging        | |  2.0
Spellcasting   | |  2.0
Transmutations | |  2.8

Action                   |  1- 3 |  4- 6 || total
-------------------------+-------+-------++-------
Melee: Unarmed           |    88 |    14 ||   102
       Tentacles         |    15 |     1 ||    16
       Constrict         |    20 |     4 ||    24
       Kick              |    15 |     3 ||    18
       Punch             |     3 |       ||     3
 Cast: Beastly Appendage |    14 |       ||    14
       Wereblood         |    11 |       ||    11
 Stab: Sleeping          |     3 |       ||     3
Armor: Skin              |    13 |       ||    13
Dodge: Dodged            |    61 |    13 ||    74

Table legend: (Time is in decaauts)
 A = Elapsed time spent in this place.
 B = Non-inter-level travel time spent in this place.
 C = Inter-level travel time spent in this place.
 D = Time resting spent in this place.
 E = Time spent auto-exploring this place.
 F = Levels seen in this place.
 G = Mean time per level.
                   A        B        C        D        E       F      G
               +--------+--------+--------+--------+--------+-----+--------+
         Total |   1798 |   1709 |     89 |    297 |   1141 |   3 |  599.3 |
       Dungeon |   1798 |   1709 |     89 |    297 |   1141 |   3 |  599.3 |
               +--------+--------+--------+--------+--------+-----+--------+

Top non-repeatable levels by time:
     D:2: 1148 daAuts
     D:1: 626 daAuts
     D:3: 23 daAuts
